 Zot Defence DCSS version 0.15.2 (webtiles) character file.

663 Kakkamies the Skirmisher (level 7, -3/51 (56) HPs)
             Began as a Demonspawn Fighter on June 22, 2017.
             Splashed by Ghitzott the jelly's acid (13 damage)
             ... in the Realm of Zot (Scenario I: Hall of Zot).
             The game lasted 00:05:51 (457 turns).

Kakkamies the Skirmisher (Demonspawn Fighter)        Turns: 457, Time: 00:05:51

HP  -3/51 (56)   AC -7     Str 17      XL: 7   Next: 31%
MP   7/7         EV  6     Int  9      God:
Gold 0           SH  9     Dex 14      Spells:  0 memorised,  6 levels left

rFire  . . .     SeeInvis .     a - +0 trident
rCold  + . .     Clarity  .     b - +0 scale mail
rNeg   . . .     rCorr    .     c - +0 shield
rPois  .         rRot     .     (helmet restricted)
rElec  .         Spirit   .     (no cloak)
SustAb .         Warding  .     (no gloves)
rMut   .         Stasis   .     (no boots)
Gourm  .                        (no amulet)
MR     .....                    (no ring)
                                (no ring)

@: corroded equipment, not resistant to hostile enchantments, extremely
unstealthy
A: horns 1, cold resistance 1
a: Make oklob sapling, Make arrow trap, Make plant, Remove Curse, Make burning
bush, Make altar, Make grenades, Make oklob plant


You were in the Realm of Zot.
You were not hungry.

You visited 1 branch

Inventory:

Hand weapons
 a - a +0 trident (weapon)
Armour
 b - a +0 scale mail (worn)
 c - a +0 shield (worn)
Comestibles
 f - a bread ration
Scrolls
 k - a scroll of blinking
Potions
 d - a potion of curing
 i - 2 potions of magic
 j - a potion of berserk rage


   Skills:
 + Level 5.1 Fighting
 + Level 3.1 Polearms
 + Level 4.7 Armour
 + Level 1.6 Dodging
 + Level 4.3 Shields


You had 6 spell levels left.
You didn't know any spells.

Dungeon Overview and Level Annotations

Branches:
    Zot (1/1)

Altars:


Innate Abilities, Weirdness & Mutations

You have a pair of small horns on your head.
Your flesh is cold resistant.


Message History

Your Fighting skill increases to level 5!
Your Polearms skill increases to level 3!
Ghitzott hits you but does no damage.
Unknown command.
You hit Ghitzott. You headbutt Ghitzott.
Ghitzott is moderately wounded.
Ghitzott hits you but does no damage.
You puncture Ghitzott! The acid corrodes your equipment!
Ghitzott is heavily wounded.
Ghitzott hits you.
You are splashed with acid!
The acid burns!
* * * LOW HITPOINT WARNING * * *
Ghitzott hits you.
* * * LOW HITPOINT WARNING * * *
You are splashed with acid!
The acid corrodes your equipment!
The acid burns!
* * * LOW HITPOINT WARNING * * *
Drink which item? (? for menu, Esc to quit)
You feel better. Ghitzott hits you.
* * * LOW HITPOINT WARNING * * *
You are splashed with acid!
The acid burns!
You die...

######### ######### ....####
####.... .......### ###.......
.........## ##.........
..........# ▓▓▓▓▓▓▓▓▓ #..........
..........▓▓▓.......▓▓▓..........
..........▓▓.........▓▓..........
..........▓.....P.....▓).........
.............(.P@P....(..........
..........▓....JP).%..▓..........
..........▓▓.........▓▓..........
..........▓▓▓...P...▓▓▓..........
..........▓ ▓▓▓▓▓▓▓▓▓ ▓..........
.........▓▓ ▓▓.........
.......▓▓▓ ▓▓▓....... ....▓▓▓▓
▓▓▓▓.... ▓▓▓▓▓▓▓▓ ▓▓▓▓▓▓▓▓


You could see Ghitzott the jelly, a friendly oklob plant and 2 friendly oklob
saplings.

Vanquished Creatures
  A necrophage (Zot)
  A jelly (Zot)
  An ooze (Zot)
  2 bats (Zot)
  3 goblins (Zot)
  3 kobolds (Zot)
  2 ball pythons (Zot)
  2 rats (Zot)
15 creatures vanquished.

Vanquished Creatures (collateral kills)
  A two-headed ogre (Zot)
  2 bats (Zot)
  2 ball pythons (Zot)
  2 giant newts (Zot)
  4 goblins (Zot)
  4 kobolds (Zot)
  4 rats (Zot)
19 creatures vanquished.

Vanquished Creatures (others)
  An oklob sapling (Zot)
1 creature vanquished.

Grand Total: 35 creatures vanquished

Notes
Turn   | Place    | Note
--------------------------------------------------------------
     0 | Zot      | Kakkamies, the Demonspawn Fighter, began the quest for the Orb.
     0 | Zot      | Reached XP level 1. HP: 18/18 MP: 1/1
   205 | Zot      | Gained mutation: Your flesh is cold resistant. [demonic ancestry]
   205 | Zot      | Reached XP level 2. HP: 22/24 MP: 2/2
   235 | Zot      | Noticed Batequotu
   266 | Zot      | Killed Batequotu the necrophage
   266 | Zot      | Reached skill level 4 in Fighting
   266 | Zot      | Reached XP level 3. HP: 7/26 MP: 3/3
   266 | Zot      | Reached XP level 4. HP: 8/33 MP: 4/4
   266 | Zot      | Gained mutation: You have a pair of small horns on your head. [demonic ancestry]
   266 | Zot      | Reached XP level 5. HP: 9/38 MP: 5/5
   341 | Zot      | Noticed Raatupn
   349 | Zot      | Killed Raatupn the two-headed ogre
   349 | Zot      | Reached skill level 1 in Dodging
   349 | Zot      | Reached XP level 6. HP: 30/45 MP: 6/6
   349 | Zot      | Reached XP level 7. HP: 33/50 MP: 7/7
   454 | Zot      | Reached skill level 5 in Fighting
   456 | Zot      | HP: 2/51 [acid (9)]
   457 | Zot      | Splashed by Ghitzott the jelly's acid

Action                   |  1- 3 |  4- 6 |  7- 9 || total
-------------------------+-------+-------+-------++-------
Melee: Trident           |    53 |     5 |    11 ||    69
 Abil: Make oklob saplin |     1 |     2 |       ||     3
       Make plant        |       |     2 |       ||     2
       Make oklob plant  |       |       |     1 ||     1
  Use: Potion            |     3 |     1 |     1 ||     5
